 Dungeon Crawl Stone Soup version 0.29-a0-1043-g569b05d6ff (webtiles) character file.

Game seed: 3357098287781364369

51 ytrimaz the Insei (level 3, -3/26 HPs)
             Began as a Demonspawn Transmuter on Aug 15, 2022.
             Slain by a worm (11 damage)
             ... on level 2 of the Dungeon.
             The game lasted 00:01:11 (1315 turns).

ytrimaz the Insei (Demonspawn Transmuter)           Turns: 1315, Time: 00:01:12

Health: -3/26      AC:  2    Str: 10    XL:     3   Next: 57%
Magic:  15/15      EV: 12    Int: 16    God:
Gold:   64         SH:  0    Dex: 13    Spells: 6/7 levels left

rFire   . . .      SeeInvis .     - Unarmed
rCold   + . .      Faith    .   (no shield)
rNeg    . . .      Spirit   .   a - +0 robe
rPois   .          Reflect  .   (helmet currently unavailable)
rElec   .          Harm     .   (no cloak)
rCorr   .          Rampage  .   (no gloves)
Will    .....                   (boots currently unavailable)
Stlth   +.........              (no amulet)
HPRegen 0.08/turn               i - ring of magical power
MPRegen 0.14/turn               f - ring of protection from cold

@: appendages
A: horns 2, talons 2, ignite blood 1
a: End Transformation


You were on level 2 of the Dungeon.
You had temporarily grown beastly horns and talons.
You visited 1 branch of the dungeon, and saw 2 of its levels.

You collected 64 gold pieces.

Inventory:

Missiles
 d - 2 throwing nets
Armour
 a - a +0 robe (worn)
Jewellery
 f - a ring of protection from cold (right hand)
 i - a ring of magical power (left hand)
Scrolls
 g - a scroll of noise
Potions
 b - a potion of lignification
 c - 2 potions of haste
 e - a potion of heal wounds {unknown}


   Skills:
 - Level 1.0 Fighting
 - Level 1.7 Dodging
 + Level 3.5 Unarmed Combat
 + Level 2.6 Spellcasting
 + Level 2.2 Transmutations


You had 6 spell levels left.
You knew the following spells:

 Your Spells              Type           Power      Damage    Failure   Level
a - Beastly Appendage     Tmut           18%        N/A       8%          1

Your spell library contained the following spells:

 Spells                   Type           Power      Damage    Failure   Level
 Wereblood                Tmut           9%         N/A       12%         2
 Spider Form              Tmut/Pois      5%         N/A       36%         3
 Ice Form                 Ice/Tmut       5%         N/A       77%         4


Dungeon Overview and Level Annotations

Branches:
Dungeon (2/15)

Altars:


Innate Abilities, Weirdness & Mutations

You have temporarily grown beastly horns and talons.
Your demonic aura sometimes causes spilled blood to erupt in flames.


Message History

You barely miss the adder. Your kick misses the adder.
Your punch misses the adder. The adder closely misses you.
The adder misses you. The hobgoblin hits you. The adder closely misses you.
You see here an adder corpse.
You hit the adder but do no damage. Your headbutt misses the adder.
The hobgoblin closely misses you. The adder bites you.
You hit the hobgoblin. Your kick misses the hobgoblin.
You headbutt the hobgoblin, but do no damage.
The hobgoblin is severely wounded.
The adder barely misses you. The hobgoblin barely misses you.
Unknown command.
You hit the hobgoblin.
You kill the hobgoblin!
The adder bites you but does no damage. The adder bites you.
You miss the adder. You claw the adder.
The adder is heavily wounded.
The frilled lizard bites you. The adder closely misses you.
Unknown command.
You are too injured to fight recklessly!
You are too injured to fight recklessly!
Unknown command.
You are too injured to fight recklessly!
The adder barely misses you.
You are too injured to fight recklessly!
Unknown command.
You are too injured to fight recklessly!
You closely miss the adder. Your kick misses the adder. You headbutt the adder.
You kill the adder!
The frilled lizard bites you. The frilled lizard bites you. The worm bites you.
You see here an adder corpse.
You are too injured to fight recklessly!
Unknown command.
The frilled lizard attacks as you move away!
The frilled lizard misses you.
You are too injured to fight recklessly!
You are too injured to fight recklessly!
Found 14 gold pieces.
The worm bites you!
You die...

#### .##.#. #.#
...... #.# ....$
#.# .##...### #.#
........####.# .
.........##.####
...###...........#
........l†.#######
..#...@w#†#
$..........#
..#......#.#
..........##
#.#..##..## . #..
#..# .. .... ...
.....


You could see a worm and a frilled lizard.

Vanquished Creatures
  3 adders (D:2)
  A ball python (D:2)
  2 bats (D:1)
  An endoplasm (D:1)
  3 giant cockroaches
  A goblin (D:1)
  3 hobgoblins
  A frilled lizard (D:1)
  3 kobolds
  7 rats
25 creatures vanquished.

Notes
Turn   | Place    | Note
-------+----------+-------------------------------------------
     0 | D:1      | ytrimaz the Demonspawn Transmuter began the quest for the
                  | Orb.
     0 | D:1      | Reached XP level 1. HP: 15/15 MP: 3/3
   187 | D:1      | Found a faded altar of an unknown god.
   259 | D:1      | Reached skill level 3 in Unarmed Combat
   321 | D:1      | Gained mutation: Your demonic aura sometimes causes spilled
                  | blood to erupt in flames. [demonic ancestry]
   321 | D:1      | Reached XP level 2. HP: 18/21 MP: 5/5
   951 | D:2      | Reached XP level 3. HP: 7/26 MP: 4/6
  1315 | D:2      | Slain by a worm

Illustrated notes

Levels and vault maps discovered:
D:1:      dpeg_arrival_round_a, layout_rooms,
          hellmonk_ecumenical_altar_crossroads
D:2:      layout_basic, basic_altar

Skill      XL: |  1  2 |
---------------+-------+-----
Unarmed Combat | 3 |  3.5
Transmutations | 2 |  2.2
Fighting       | |  1.0
Dodging        | |  1.7
Spellcasting   | |  2.6

Action                   || total
-------------------------++-------
Melee: Unarmed           ||    74
       Kick              ||     2
       Punch             ||     1
       Headbutt          ||     3
 Cast: Beastly Appendage ||    11
  Use: Scroll            ||     4
 Stab: Sleeping          ||     3
Armor: Robe              ||    16
Dodge: Dodged            ||    56

Table legend: (Time is in decaauts)
 A = Elapsed time spent in this place.
 B = Non-inter-level travel time spent in this place.
 C = Inter-level travel time spent in this place.
 D = Time resting spent in this place.
 E = Time spent auto-exploring this place.
 F = Levels seen in this place.
 G = Mean time per level.
                   A        B        C        D        E       F      G
               +--------+--------+--------+--------+--------+-----+--------+
         Total |   1309 |   1251 |     58 |      0 |   1058 |   2 |  654.5 |
       Dungeon |   1309 |   1251 |     58 |      0 |   1058 |   2 |  654.5 |
               +--------+--------+--------+--------+--------+-----+--------+

Top non-repeatable levels by time:
     D:1: 701 daAuts
     D:2: 607 daAuts
